 Dungeon Crawl Stone Soup version 0.30.1-9-gdf580d7c3d (webtiles) character file.

Game seed: 16516027248575724638

15452 BillyBaka the Basher (level 12, -8/110 HPs)
             Began as a Minotaur Fighter on Oct 3, 2023.
             Was the Champion of Okawaru.
             Mangled by a blink frog (14 damage)
             ... on level 2 of the Lair of Beasts on Oct 5, 2023.
             The game lasted 00:40:00 (10474 turns).

BillyBaka the Basher (Minotaur Fighter)            Turns: 10474, Time: 00:40:01

Health: -8/110     AC: 14    Str: 25    XL:     12   Next: 1%
Magic:  16/16      EV:  8    Int:  8    God:    Okawaru [******]
Gold:   453        SH:  6    Dex: 17    Spells: 11/11 levels left

rFire   . . .        b - +1 morningstar of the Mouth {heavy, *Rage rElec Int+3 Dex+3}
rCold   . . .        c - +0 buckler
rNeg    . . .        s - +0 chain mail
rPois   .            B - +1 hat "Diro" {Dex+3}
rElec   +            C - scarf {repulsion}
rCorr   .            v - +0 pair of gloves {hurl}
SInv    .            w - +0 pair of boots
Will    .....        f - amulet of faith Stlth
                     (no ring)
HPRegen 0.38/turn    (no ring)
MPRegen 0.15/turn

%: random rage (20%), repel missiles, faith
@: on berserk cooldown, slowed, very slow
A: horns 2, retaliatory headbutt
a: Renounce Religion, Heroism, Finesse, Duel


You were on level 2 of the Lair of Beasts.
You worshipped Okawaru.
Okawaru was exalted by your worship.
You visited 3 branches of the dungeon, and saw 12 of its levels.

You collected 642 gold pieces.
You spent 189 gold pieces at shops.

Inventory:

Hand Weapons
 b - the +1 morningstar of the Mouth (weapon) {heavy, *Rage rElec Int+3 Dex+3}
   (You bought it in a shop on level 1 of the Dungeon)

   Int:       It affects your intelligence (+3).
   Dex:       It affects your dexterity (+3).
   rElec:     It insulates you from electricity.
   *Rage:     It berserks you when you make melee attacks (+20% chance).
Missiles
 y - 3 javelins (quivered)
Armour
 c - a +0 buckler (worn)
 s - a +0 chain mail (worn)
 v - a +0 pair of gloves of hurling (worn)
 w - a +0 pair of boots (worn)
 B - the +1 hat "Diro" (worn) {Dex+3}
   (You found it on level 8 of the Dungeon)

   Dex:       It affects your dexterity (+3).
 C - a scarf of repulsion (worn)
 H - the +0 ring mail of Spite {rElec}
   (Okawaru gifted it to you on level 1 of the Lair of Beasts)

   rElec:     It insulates you from electricity.
Jewellery
 f - an amulet of faith (around neck)
Wands
 a - a wand of flame (10)
 i - a wand of quicksilver (4)
 u - a wand of iceblast (10)
 E - a wand of polymorph (6)
Scrolls
 d - 2 scrolls of amnesia
 h - 2 scrolls of enchant weapon
 k - 9 scrolls of teleportation
 m - 3 scrolls of fog
 o - 2 scrolls of immolation {unknown}
 r - a scroll of enchant armour {unknown}
 t - 2 scrolls of magic mapping {unknown}
 A - a scroll of blinking {unknown}
 F - a scroll of fear {unknown}
Potions
 e - 4 potions of lignification
 g - 3 potions of flight
 j - 2 potions of curing
 l - a potion of brilliance {unknown}
 n - 2 potions of cancellation
 p - 2 potions of magic
 q - 2 potions of mutation
 x - a potion of berserk rage {unknown}
 z - a potion of ambrosia {unknown}
 G - a potion of haste {unknown}
 I - a potion of resistance
Miscellaneous
 D - a phial of floods


   Skills:
 + Level 11.3 Fighting
 - Level 2.8(10.0) Axes
 * Level 14.8(14.9) Maces & Flails
 - Level 7.2 Throwing
 + Level 6.7 Armour
 + Level 6.7 Shields
 + Level 7.1 Invocations


You had 11 spell levels left.
You didn't know any spells.
Your spell library contained the following spells:

 Spells                   Type           Power      Damage    Failure   Level
 Magic Dart               Conj           0%         1d3       93%         1
 Necrotise                Necr           0%         1d4       93%         1
 Sandblast                Erth           0%         2d4       93%         1
 Passwall                 Tmut/Erth      0%         N/A       98%         2
 Frozen Ramparts          Ice            0%         1d1       100%        3
 Mephitic Cloud           Conj/Pois/Air  0%         N/A       100%        3
 Ozocubu's Armour         Ice            0%         N/A       100%        3
 Stone Arrow              Conj/Erth      0%         3d7       100%        3
 Vampiric Draining        Necr           0%         2d6       100%        3
 Ice Form                 Ice/Tmut       0%         N/A       100%        4
 Agony                    Necr           0%         N/A       100%        5
 Metabolic Englaciation   Hex/Ice        0%         N/A       100%        5
 Orb of Destruction       Conj           0%         9d5       100%        7
 Call Imp                 Summ           Unusable   N/A       N/A         2
 Summon Guardian Golem    Hex/Summ       Unusable   N/A       N/A         3
 Summon Ice Beast         Ice/Summ       Unusable   N/A       N/A         4
 Simulacrum               Ice/Necr       Unusable   N/A       N/A         6
 Spellforged Servitor     Conj/Summ      Unusable   N/A       N/A         7

Dungeon Overview and Level Annotations

Branches:
Dungeon (9/15)             Temple (1/1) D:4            Lair (2/5) D:9
  Swamp: Lair:2-3    Shoals: Lair:2-3     Snake: Lair:2-3    Spider: Lair:2-3
    Orc: D:9-12

Altars:
Ashenzari
Cheibriados
Dithmenos
Elyvilon
Fedhas
Gozag
Hepliaklqana
Kikubaaqudgha
Makhleb
Nemelex Xobeh
Okawaru
Qazlal
Ru
Sif Muna
Trog
Uskayaw
Vehumet
Wu Jian
Xom
Yredelemnul
Zin
The Shining One

Shops:
D:1 (   D:2 ?   D:4 *   D:6 [

Annotations:
Temple 2 transporters


Innate Abilities, Weirdness & Mutations

You have a pair of horns on your head.
You reflexively headbutt those who attack you in melee.


Message History

You block the blink frog's attack.
The blink frog blinks!
You see here 2 javelins.
y - 3 javelins (gained 2)
You feel sick.
You are no longer poisoned.
The blink frog hits you.
* * * LOW HITPOINT WARNING * * *
The blink frog hits you.
* * * LOW HITPOINT WARNING * * *
The blink frog hits you!
* * * LOW HITPOINT WARNING * * *
You feel better. The blink frog closely misses you. You furiously retaliate!
You headbutt the blink frog. The blink frog hits you!
* * * LOW HITPOINT WARNING * * *
The blink frog hits you but does no damage.
The blink frog barely misses you. You furiously retaliate!
You headbutt the blink frog! You block the blink frog's attack. x2
Your unstable footing causes you to fumble your attack.
The blink frog hits you but does no damage.
You block the blink frog's attack.
The blink frog blinks!
The blink frog hits you but does no damage. x2
You block the blink frog's attack. x2
Unknown command.
You sock the blink frog!
You kill the blink frog!
Okawaru accepts your kill. The blink frog hits you.
* * * LOW HITPOINT WARNING * * *
The blink frog blinks! x2
You have reached level 12!
You feel agile.
The blink frog hits you but does no damage.
The blink frog blinks!
You see here a black mamba corpse.
The blink frog hits you but does no damage.
The blink frog hits you!
* * * LOW HITPOINT WARNING * * *
The blink frog blinks!
The blink frog hits you!
You die...

## #P. ## ###
##..#.###.♣#♣##♣ ####
#..........♣~~~♣♣♣♣~#~#
##@♣~♣~~~♣~♣~♣P♣~♣
#FP~♣♣♣♣P~~~~~~~~♣♣
#♣~♣§~~P~~≈~≈~P~~~♣~
♣P~P~~~~≈~≈≈≈~≈≈≈~~♣
♣~~~P~†~≈≈≈≈≈≈≈≈≈~~~
♣~~~~~~~P≈≈≈≈≈≈≈≈≈≈≈~~
♣♣P~~~~~≈≈≈≈≈≈≈≈≈≈≈≈≈~
~~~FP♣~~≈≈≈≈≈≈≈≈≈≈≈≈~~
..♣~~~♣P~♣~≈≈≈≈≈≈≈≈≈≈~♣


You could see 2 blink frogs.

Vanquished Creatures
  A hydra (Lair:1)
  The ghost of laqueoix the Basher, a novice DsGl of Wu Jian (D:9)
  Pikel (D:4)
  4 elephants (Lair:1)
  2 black mambas
  3 cane toads
  3 komodo dragons
  A hornet (D:9)
  5 blink frogs
  Sigmund (D:2)
  A wraith (D:9)
  3 wyverns
  21 yaks
  A basilisk (Lair:1)
  Grum (D:9)
  2 steam dragons
  2 wargs (D:9)
  8 water moccasins
  3 ice beasts
  A sky beast (D:8)
  3 black bears
  3 orc warriors
  3 wolves (D:9)
  An ogre (D:5)
  2 centaurs
  A lemure (D:4)
  2 kobold brigands (D:8)
  A phantom (D:6)
  6 bullfrogs
  4 scorpions
  6 killer bees
  A howler monkey (D:9)
  4 electric eels (Lair:2)
  A hound (D:6)
  2 jellies
  7 orc priests
  A gnoll bouda (D:5)
  A sleepcap (D:4)
  Terence (D:3)
  8 iguanas
  6 orc wizards
  19 gnolls
  4 adders
  2 shadow imps (D:6)
  4 worms
  7 dart slugs
  22 orcs
  5 ball pythons
  7 bats
  10 endoplasms
  A giant cockroach (D:3)
  4 goblins
  4 hobgoblins
  3 quokkas
  10 frilled lizards
  14 kobolds
  2 rats (D:2)
247 creatures vanquished.

Notes
Turn   | Place    | Note
-------+----------+-------------------------------------------
     0 | D:1      | BillyBaka the Minotaur Fighter began the quest for the Orb.
     0 | D:1      | Reached XP level 1. HP: 19/19 MP: 0/0
    32 | D:1      | Found Diquafae's Antique Weapon Shoppe.
   306 | D:1      | Reached XP level 2. HP: 26/27 MP: 1/1
   452 | D:1      | Reached skill level 1 in Maces & Flails
   637 | D:1      | Reached skill level 2 in Maces & Flails
   750 | D:1      | Reached XP level 3. HP: 29/33 MP: 2/2
   974 | D:2      | Found Ukhym's Magic Scroll Shop.
  1134 | D:2      | Noticed Sigmund
  1142 | D:2      | Killed Sigmund
  1143 | D:2      | Reached skill level 5 in Fighting
  1143 | D:2      | Reached skill level 4 in Maces & Flails
  1143 | D:2      | Reached skill level 1 in Throwing
  1143 | D:2      | Reached XP level 4. HP: 38/42 MP: 3/3
  1143 | D:2      | Reached XP level 5. HP: 44/48 MP: 4/4
  1194 | D:2      | Found a shimmering blue altar of Sif Muna.
  1798 | D:3      | Noticed Terence
  1803 | D:3      | Killed Terence
  1804 | D:3      | Reached skill level 5 in Maces & Flails
  1819 | D:3      | Reached XP level 6. HP: 56/56 MP: 5/5
  1877 | D:3      | Identified the +5 spear of Cocytus {freeze, rC- rN++ Dex+2}
  2676 | D:4      | Noticed Pikel
  2687 | D:4      | Killed Pikel
  2688 | D:4      | Reached skill level 7 in Maces & Flails
  2688 | D:4      | Reached XP level 7. HP: 46/64 MP: 6/6
  2900 | D:4      | Found a staircase to the Ecumenical Temple.
  2906 | Temple   | Entered the Ecumenical Temple
  2906 | Temple   | Found a transporter.
  2906 | Temple   | Found a transporter.
  2909 | Temple   | Found a transporter.
  2909 | Temple   | Found a transporter.
  2936 | Temple   | Became a worshipper of Warmaster Okawaru
  3152 | D:4      | Found Eppih's Neck Hole.
  3284 | D:1      | Bought a smoking morningstar for 189 gold pieces
  3284 | D:1      | Identified the +1 morningstar of the Mouth {heavy, *Rage
                  | rElec Int+3 Dex+3} (You bought it in a shop on level 1 of
                  | the Dungeon)
  3652 | D:5      | Entered Level 5 of the Dungeon
  3671 | D:5      | Reached XP level 8. HP: 71/71 MP: 7/7
  3701 | D:5      | Reached skill level 8 in Maces & Flails
  4025 | D:5      | Found a hazy altar of Hepliaklqana.
  4035 | D:5      | Found a white marble altar of Elyvilon.
  4464 | D:6      | Reached * piety under Okawaru
  4465 | D:6      | Reached skill level 9 in Maces & Flails
  4524 | D:6      | Reached skill level 1 in Invocations
  4597 | D:6      | Reached skill level 5 in Throwing
  4662 | D:6      | Found Puroac's Antique Armour Shop.
  4849 | D:6      | Reached XP level 9. HP: 81/81 MP: 9/9
  5067 | D:7      | Reached ** piety under Okawaru
  5133 | D:7      | Reached skill level 10 in Maces & Flails
  5210 | D:7      | Found a glowing silver altar of Zin.
  6357 | D:8      | Reached *** piety under Okawaru
  6454 | D:8      | Found a blossoming altar of Fedhas.
  6461 | D:8      | Identified the +1 hat "Diro" {Dex+3}
  6520 | D:8      | Reached skill level 11 in Maces & Flails
  6693 | D:8      | Noticed a komodo dragon
  6695 | D:8      | Killed a komodo dragon
  7127 | D:9      | Reached **** piety under Okawaru
  7128 | D:9      | Reached XP level 10. HP: 91/91 MP: 12/12
  7278 | D:9      | Reached skill level 12 in Maces & Flails
  7344 | D:9      | Noticed Grum
  7354 | D:9      | Killed Grum
  7357 | D:9      | Reached skill level 5 in Invocations
  7366 | D:9      | Reached ***** piety under Okawaru
  7503 | D:9      | Found a runed translucent door.
  7504 | D:9      | Noticed laqueoix's ghost (novice DsGl)
  7510 | D:9      | Found a staircase to the Lair.
  7591 | D:9      | Received a gift from Okawaru
  7701 | D:9      | Reached skill level 10 in Fighting
  7963 | D:9      | Killed laqueoix's ghost
  7964 | D:9      | Reached skill level 13 in Maces & Flails
  8005 | D:9      | Found a broken altar of Ashenzari.
  8056 | Lair:1   | Entered Level 1 of the Lair of Beasts
  8103 | Lair:1   | Noticed a cane toad
  8107 | Lair:1   | Killed a cane toad
  8108 | Lair:1   | Reached XP level 11. HP: 84/100 MP: 14/14
  8499 | Lair:1   | Noticed a five-headed hydra
  8516 | Lair:1   | Killed a five-headed hydra
  8516 | Lair:1   | Identified the +0 ring mail of Spite {rElec} (Okawaru
                  | gifted it to you on level 1 of the Lair of Beasts)
  8516 | Lair:1   | Received a gift from Okawaru
  8686 | Lair:1   | Reached skill level 5 in Armour
  8686 | Lair:1   | Reached skill level 5 in Shields
  9238 | Lair:1   | Reached skill level 14 in Maces & Flails
 10281 | Lair:2   | Reached ****** piety under Okawaru
 10462 | Lair:2   | Received a gift from Okawaru
 10472 | Lair:2   | Reached XP level 12. HP: 15/110 MP: 16/16
 10473 | Lair:2   | HP: 5/110 [blink frog (12)]
 10474 | Lair:2   | Mangled by a blink frog

Illustrated notes

Levels and vault maps discovered:
D:1:      scummos_arrival_checkerplants, layout_basic, serial_shops,
          nicolae_shop_tiny_glass, roderic_st_hans_cross,
          hangedman_feature_mirror
D:2:      layout_loops_ring, serial_shops, shop, basic_altar, uniq_sigmund
D:3:      layout_loops_ring, minmay_misc_feat_hallway, uniq_terence
D:4:      layout_gridville, minmay_temple_entry_fiery,
          nicolae_shop_sticking_my_neck_out, uniq_pikel
D:5:      layout_cave_pools, grunt_temple_overflow_open
D:6:      layout_cave_pools, serial_rivers, chequers_serial_rivers_micro_e,
          chequers_serial_rivers_room_b, chequers_serial_rivers_room_a,
          chequers_serial_rivers_micro_c, chequers_serial_rivers_marsh,
          serial_shops, shop, nicolae_elevator_lobby_asterisk
D:7:      layout_basic, mainiacjoe_overflow_24_doors
D:8:      layout_gridville, mainiacjoe_overflow_small_starburst,
          minmay_lizard_king
D:9:      layout_irregular_city, ashenzari_conservatory_becter,
          erik_lair_orcish_takeover, hellmonk_ghost_happy_afterlife, uniq_grum
Temple:   hellmonk_temple_divided_pantheon
Lair:1:   layout_cave_pods, lemuel_fruit_tree
Lair:2:   layout_cave_pods, nicolae_snake_entry_warm_welcome,
          serial_bayou_lake_a

Skill      XL: |  1  2  3  4  5  6  7  8  9 10 11 |
---------------+----------------------------------+-----
Maces & Flails | 2 4 5 7 9 11 13 14 | 14.8
Fighting       | 4 5 6 7 9 10 11 | 11.3
Throwing       | 1 2 3 4 5 6 7 |  7.2
Invocations    | 2 4 5 7 |  7.1
Armour         | 4 6 |  6.7
Shields        | 4 6 |  6.7
Axes           | |  2.8

Action                     |  1- 3 |  4- 6 |  7- 9 | 10-12 || total
---------------------------+-------+-------+-------+-------++-------
  Melee: War axe           |    80 |       |       |       ||    80
         Headbutt          |    10 |     4 |    25 |    46 ||    85
         Halberd           |       |    59 |    21 |       ||    80
         Morningstar       |       |       |   163 |   203 ||   366
         Unarmed           |       |       |       |    10 ||    10
  Throw: Javelin           |     5 |     3 |    28 |    10 ||    46
    Use: Scroll            |       |     4 |     7 |     3 ||    14
         Potion            |       |       |     3 |     3 ||     6
 Armour: Scale mail        |    33 |     4 |       |       ||    37
         Chain mail        |       |     5 |   149 |   133 ||   287
  Dodge: Dodged            |    38 |    23 |   116 |    88 ||   265
  Block: Buckler           |    14 |       |    66 |    66 ||   146
